 Dungeon Crawl Stone Soup version 0.31-a0-210-gccc998df9b (webtiles) character file.

Game seed: 9290836299963491410

18 qw the Shooter (level 2, 0/16 HPs)
             Began as a Gargoyle Hexslinger on June 29, 2023.
             Slain by a hobgoblin (2 damage)
             ... on level 2 of the Dungeon.
             The game lasted 00:00:15 (753 turns).

qw the Shooter (Gargoyle Hexslinger)                 Turns: 753, Time: 00:00:15

Health: 0/16       AC:  8    Str: 11    XL:     2   Next: 66%
Magic:  3/3        EV: 10    Int: 13    God:
Gold:   53         SH:  0    Dex: 12    Spells: 2/3 levels left

rFire   . . .        Y - +1 sling
rCold   . . .        (no shield)
rNeg    + . .        f - +0 ring mail
rPois   inf          (no helmet)
rElec   +            (no cloak)
rCorr   .            h - +0 pair of gloves
SInv    .            (no boots)
Will    .....        d - amulet of the acrobat
Stlth   +            (no ring)
HPRegen 0.22/turn    (no ring)
MPRegen 0.08/turn

%: acrobat
@: no status effects
A: sickness immunity, AC +2, negative energy resistance 1, electricity
resistance, torment resistance 1, petrification resistance
a: no special abilities


You were on level 2 of the Dungeon.
You visited 1 branch of the dungeon, and saw 2 of its levels.

You collected 53 gold pieces.


Innate Abilities, Weirdness & Mutations

You are immune to sickness and miasma.
Your stone body is resilient. (AC +2)
You are immune to poison.
You resist negative energy. (rN+)
You are resistant to electric shocks. (rElec)
You are resistant to unholy torment.
You are immune to petrification.


   Skills:
 + Level 1.4 Fighting
 - Level 3.0 Ranged Weapons
 - Level 1.5 Dodging
 - Level 1.0 Spellcasting
 - Level 2.6 Hexes


You had 2 spell levels left.
You knew the following spells:

 Your Spells              Type           Power      Damage    Failure   Level
a - Slow                  Hex            28%        N/A       22%         1

Your spell library contained the following spells:

 Spells                   Type           Power      Damage    Failure   Level
 Inner Flame              Hex/Fire       4%         N/A       75%         3
 Portal Projectile        Hex/Tloc       8%         N/A       75%         3
 Cause Fear               Hex            3%         N/A       92%         4

Inventory:

Hand Weapons
 Y - a +1 sling (weapon)
Armour
 f - a +0 ring mail (worn)
 h - a +0 pair of gloves (worn)
Jewellery
 d - an amulet of the acrobat (around neck)
Scrolls
 a - 3 scrolls of identify
 b - a scroll of fog {unknown}

Dungeon Overview and Level Annotations

Branches:
Dungeon (2/15)

Altars:

Shops:
D:1 [


Message History

You shoot a sling bullet.
The sling bullet closely misses the jackal.
The jackal barely misses you.
The jackal bites you but does no damage.
The jackal barely misses you.
The hobgoblin hits you but does no damage.
The jackal bites you but does no damage.
You shoot a sling bullet.
The sling bullet hits the jackal but does no damage.
The jackal bites you but does no damage. x2
The hobgoblin closely misses you. The jackal closely misses you.
The jackal barely misses you.
The hobgoblin hits you but does no damage.
You shoot a sling bullet. The sling bullet hits the jackal.
The jackal is lightly wounded.
The jackal bites you but does no damage.
The jackal barely misses you.
The jackal bites you but does no damage.
The hobgoblin hits you but does no damage.
The jackal bites you but does no damage.
You shoot a sling bullet.
The sling bullet barely misses the jackal.
The jackal barely misses you. x2; The hobgoblin closely misses you.
The jackal barely misses you. The jackal bites you.
The hobgoblin hits you but does no damage.
You shoot a sling bullet.
The sling bullet closely misses the jackal.
The jackal misses you. The jackal bites you. The jackal closely misses you.
The hobgoblin hits you but does no damage.
The jackal barely misses you.
You shoot a sling bullet. The sling bullet hits the jackal!
You kill the jackal!
The jackal bites you but does no damage.
The hobgoblin closely misses you.
The jackal bites you but does no damage.
You shoot a sling bullet. The sling bullet hits the jackal.
The jackal is severely wounded.
The jackal bites you but does no damage.
The hobgoblin hits you.
You die...

#.# #.#.# ....
#.#.# ...# #.#.#
....# #.#.# ....#
#.#.# ####....#
#.#.# #.......
#<#.####.g.#####.
##.....'.@%......
#######.h.#####.
#...# #...# #...#
#...# #...# #...#


You could see a jackal and a hobgoblin.

Vanquished Creatures
  A dart slug (D:1)
  An endoplasm (D:1)
  2 goblins (D:1)
  2 hobgoblins (D:1)
  3 jackals (D:2)
  A quokka (D:1)
  A ball python (D:1)
  3 rats (D:1)
14 creatures vanquished.

Notes
Turn   | Place    | Note
-------+----------+-------------------------------------------
     0 | D:1      | qw the Gargoyle Hexslinger began the quest for the Orb.
     0 | D:1      | Reached XP level 1. HP: 12/12 MP: 2/2
     0 | D:1      | 0 ||| qw: Version: 0.3-a-24-ga2abf7b
     0 | D:1      | 0 ||| qw: Game counter: 6777
     0 | D:1      | 0 ||| qw: Melee chars always use a shield: true
     0 | D:1      | 0 ||| qw: God list: Okawaru
     0 | D:1      | 0 ||| qw: Allow faded altars: false
     0 | D:1      | 0 ||| qw: Do Orc after clearing Dungeon:15 true
     0 | D:1      | 0 ||| qw: Do second Lair branch before Depths: true
     0 | D:1      | 0 ||| qw: Lair rune preference: random
     0 | D:1      | 0 ||| qw: Goals: Normal
     0 | D:1      | 0 ||| PLANNING D:1-11
    47 | D:1      | Found a faded altar of an unknown god.
   342 | D:1      | Reached XP level 2. HP: 16/16 MP: 3/3
   362 | D:1      | 362 ||| FLEEEEING.
   373 | D:1      | Reached skill level 3 in Ranged Weapons
   525 | D:1      | Found Opilun's Antique Armour Shoppe.
   528 | D:1      | 528 ||| SHOPLISTING masterwork leather armour (126 gold,
                  | have 53).
   528 | D:1      | 528 ||| SHOPLISTING opalescent robe (102 gold, have 53).
   528 | D:1      | 528 ||| SHOPLISTING polished leather armour (126 gold, have
                  | 53).
   589 | D:1      | 589 ||| UPGRADING to +0 ring mail.
   599 | D:1      | 599 ||| DROPPING +0 robe.
   600 | D:1      | 600 ||| UPGRADING to +0 pair of gloves.
   605 | D:1      | 605 ||| UPGRADING to amulet of the acrobat.
   610 | D:1      | 610 ||| READING 5 scrolls labelled RAMALA ZAMO.
   611 | D:1      | 611 ||| READING scroll labelled NICISTR AMUB.
   712 | D:1      | 712 ||| READING 4 scrolls of identify.
   712 | D:1      | 712 ||| IDENTIFYING cyan potion
   713 | D:1      | 713 ||| DROPPING scroll of poison.
   714 | D:1      | 714 ||| DROPPING potion of degeneration.
   746 | D:2      | HP: 3/16 [jackal (2)]
   751 | D:2      | HP: 1/16 [jackal (1)]
   753 | D:2      | Slain by a hobgoblin

Levels and vault maps discovered:
D:1:      amcnicky_arrival_wind_blow, layout_basic,
          hellmonk_ecumenical_altar_prayer_group, serial_shops,
          nicolae_shop_tiny_real_fake_doors, minmay_tromino_mix6
D:2:      layout_basic, uniq_jessica

Skill      XL: |  1  2 |
---------------+-------+-----
Ranged Weapons | 3 |  3.0
Fighting       | |  1.4
Dodging        | |  1.5
Spellcasting   | |  1.0
Hexes          | |  2.6

Action                     || total
---------------------------++-------
   Fire: Sling             ||    50
    Use: Scroll            ||     3
 Armour: Ring mail         ||    33
  Dodge: Dodged            ||    38

Table legend:
 A = Non-vault XP
 B = Vault XP
 C = Vault XP percentage of total XP
 D = Non-vault monster count
 E = Vault monster count
 F = Vault count percentage of total count
                 A         B        C        D         E       F
            +---------+---------+-------+---------+---------+-------
      Total |      21 |       5 |  19.2 |      11 |       3 |  21.4
            +---------+---------+-------+---------+---------+-------
        D:1 |      15 |       5 |  25.0 |       8 |       3 |  27.3
        D:2 |       6 |       0 |   0.0 |       3 |       0 |   0.0
            +---------+---------+-------+---------+---------+-------
